 Dungeon Crawl Stone Soup version 0.23-a0-32-g1388f29 (webtiles) character file.

2422 mopl the Destroyer (level 9, 0/45 HPs)
             Began as a Tengu Fire Elementalist on Aug 4, 2018.
             Was a Priest of Vehumet.
             Shot with an arrow by a centaur (6 damage)
             ... on level 8 of the Dungeon on Aug 5, 2018.
             The game lasted 00:18:29 (8936 turns).

mopl the Destroyer (Tengu Fire Elementalist)        Turns: 8936, Time: 00:18:29

Health: 0/45       AC:  3    Str:  8      XL:     9   Next: 48%
Magic:  13/18      EV: 12    Int: 19      God:    Vehumet [***...]
Gold:   402        SH:  0    Dex: 11 (15) Spells: 5/18 levels left

rFire    + + .     SeeInvis .   r - +0 dagger (holy)
rCold    . . .     Gourm    .   (no shield)
rNeg     . . .     Faith    +   A - +1 robe of Card Tricks {rElec rF+ rC- rCorr}
rPois    .         Spirit   .   (helmet restricted)
rElec    +         Reflect  .   o - scarf {rC+ rF+}
rCorr    +         Harm     .   (no gloves)
MR       .....                  (boots unavailable)
Stlth    ++........             b - amulet of faith {!P}
HPRegen  0.15/turn              (no ring)
MPRegen  0.16/turn              (no ring)

@: no status effects
A: beak, talons 3, able to fly 1
a: Fly, Renounce Religion


You were on level 8 of the Dungeon.
You worshipped Vehumet.
Vehumet was most pleased with you.
You were not hungry.

You visited 2 branches of the dungeon, and saw 9 of its levels.
You also visited: Sewer.

You collected 402 gold pieces.

Inventory:

Hand Weapons
 r - a +0 dagger of holy wrath (weapon)
 x - a +0 blowgun
 B - a +1 rapier of flaming
Missiles
 j - 50 poisoned needles
 y - 5 tomahawks (quivered)
 D - 8 needles of sleeping
Armour
 o - a scarf of resistance (worn)
 q - a scarf of repulsion
 z - a +0 shield
 A - the +1 robe of Card Tricks (worn) {rElec rF+ rC- rCorr}
   (You found it on level 5 of the Dungeon)

   It protects you from fire.
   It makes you vulnerable to cold.
   It insulates you from electricity.
   It provides partial protection from all sources of acid and corrosion.
Jewellery
 b - an amulet of faith (around neck) {!P}
 G - an uncursed amulet of harm {unknown}
Wands
 e - a wand of disintegration (9)
 E - a wand of scattershot (5)
Scrolls
 f - 2 scrolls of teleportation {unknown}
 g - 4 scrolls of identify
 h - a scroll of fog {unknown}
 k - a scroll of enchant weapon {unknown}
 l - 2 scrolls of amnesia
 m - a scroll of random uselessness {unknown}
 n - 3 scrolls of blinking
 p - 4 scrolls of remove curse
 s - a scroll of magic mapping {unknown}
 t - a scroll of fear {unknown}
 C - a scroll of enchant armour {unknown}
 F - a scroll of holy word {unknown}
 I - a scroll of summoning {unknown}
Potions
 a - a potion of flight
 d - 5 potions of heal wounds
 i - a potion of invisibility
 u - 7 potions of curing
 v - 3 potions of might
 w - a potion of berserk rage {!q}
 H - a potion of mutation {!q}
 J - a potion of ambrosia
Comestibles
 c - 18 rations


   Skills:
 - Level 2.1 Dodging
 - Level 2.0 Stealth
 + Level 5.4 Spellcasting
 + Level 10.2 Conjurations
 * Level 9.3 Fire Magic


You had 5 spell levels left.
You knew the following spells:

 Your Spells              Type           Power        Failure   Level  Hunger
a - Flame Tongue          Conj/Fire      #####        1%          1    None
b - Fireball              Conj/Fire      #####.....   1%          5    #####..
c - Conjure Flame         Conj/Fire      #####...     1%          3    ##.....
d - Sticky Flame          Conj/Fire      #####...     1%          4    ####...

Your spell library contained the following spells:

 Spells                   Type           Power        Failure   Level  Hunger
 Apportation              Tloc           #.....       12%         1    None
 Confuse                  Hex            #.......     34%         3    ##.....
 Throw Flame              Conj/Fire      #####.       1%          2    None
 Summon Small Mammal      Summ           #...         12%         1    None
 Animate Skeleton         Necr           N/A          12%         1    None
 Confusing Touch          Hex            #.....       12%         1    None
 Metabolic Englaciation   Hex/Ice        #.........   97%         5    #####..
 Petrify                  Tmut/Erth      #.......     75%         4    ####...
 Inner Flame              Hex/Fire       ###.....     1%          3    ##.....
 Gell's Gravitas          Tloc           #.........   34%         3    ##.....
 Yara's Violent Unravell  Hex/Tmut       #.........   58%         5    #####..


Dungeon Overview and Level Annotations

Branches:
Dungeon (8/15)             Temple (1/1) D:4
   Lair: D:8-11

Altars:
Ashenzari
Cheibriados
Dithmenos
Fedhas
Gozag
Hepliaklqana
Kikubaaqudgha
Makhleb
Nemelex Xobeh
Okawaru
Qazlal
Vehumet
Wu Jian
Xom
Yredelemnul
Zin

Annotations:
D:4 exclusion: two-headed ogre


Innate Abilities, Weirdness & Mutations

You have a beak for a mouth.
You have claws for feet.
You can fly.


Message History

The quasit barely misses you. The quasit misses you. The quasit claws you.
You feel clumsy. The quasit misses you.
The quasit burns!
You kill the quasit!
Vehumet accepts your kill.
Found 23 arrows.
Found a robe.
A centaur comes into view.
The centaur shouts!
The centaur wields a glowing shortbow.
The centaur shoots an arrow.
The arrow hits you!
An efreet comes into view. It is wielding a scimitar of flaming.
You see here an arrow.
There are monsters nearby!
Unknown command.
The centaur shoots an arrow.
The arrow hits you!
* * * LOW HITPOINT WARNING * * *
The centaur shoots an arrow.
The arrow hits you.
You die...

#.# #.# #.# #.# #.#
#.#### #....#
#########..#.#
#........@((.#
#.########......# #.#
.........
##.#######.#..#####
.######...##..§R....#
........†.....### ...
#######...#..#..#
#.[.
##.##..#.#..###.c
#.###.#.# #..#


You could see a centaur.

Vanquished Creatures
  Eustachio (D:4)
  A water moccasin (D:6)
  Duvessa (D:4)
  A phantom (D:6)
  2 sky beasts
  A centaur (D:7)
  3 ogres
  6 big kobolds (Sewer)
  Dowan (D:4)
  A scorpion (D:7)
  2 howler monkeys (D:4)
  2 centaur zombies
  2 crimson imps (D:5)
  A hound (D:2)
  A jelly (D:5)
  A quasit (D:8)
  3 bullfrog skeletons
  An orc priest (D:5)
  2 iguanas
  4 orc wizards
  2 worker ants
  A hound zombie (D:7)
  A howler monkey skeleton (D:4)
  8 adders
  2 river rats
  7 oozes
  9 worms
  4 dart slugs
  2 leopard geckos
  22 orcs
  9 ball pythons
  10 giant cockroaches
  20 goblins
  9 hobgoblins
  12 jackals
  2 quokkas
  A ball python zombie (D:6)
  9 bats
  7 frilled lizards
  11 kobolds
  A quokka skeleton (D:5)
  A quokka zombie (D:5)
  36 rats
223 creatures vanquished.

Notes
Turn   | Place    | Note
-------+----------+-------------------------------------------
     0 | D:1      | mopl the Tengu Fire Elementalist began the quest for the Orb.
     0 | D:1      | Reached XP level 1. HP: 10/10 MP: 4/4
   318 | D:1      | Reached skill level 2 in Conjurations
   318 | D:1      | Reached XP level 2. HP: 11/15 MP: 0/6
   771 | D:1      | Reached XP level 3. HP: 19/19 MP: 4/7
   783 | D:1      | Learned a level 3 spell: Conjure Flame
   869 | D:1      | Reached skill level 4 in Fire Magic
  1109 | D:2      | Reached skill level 3 in Conjurations
  1109 | D:2      | Reached XP level 4. HP: 13/24 MP: 3/8
  1647 | D:2      | Reached skill level 4 in Conjurations
  1657 | D:2      | Gained mutation: You can fly. [Tengu growth]
  1657 | D:2      | Reached XP level 5. HP: 23/28 MP: 3/9
  1714 | D:1      | Learned a level 4 spell: Sticky Flame
  2964 | D:2      | Reached skill level 5 in Fire Magic
  3080 | D:3      | Reached XP level 6. HP: 32/32 MP: 8/11
  3081 | D:3      | Reached skill level 5 in Conjurations
  3144 | D:3      | Reached skill level 3 in Spellcasting
  4188 | D:4      | Found a staircase to the Ecumenical Temple.
  4196 | D:4      | Noticed Dowan
  4198 | D:4      | Noticed Duvessa
  4200 | Temple   | Entered the Ecumenical Temple
  4236 | Temple   | Became a worshipper of Vehumet
  4302 | D:4      | Killed Duvessa
  4305 | D:4      | Killed Dowan
  4305 | D:4      | Reached skill level 6 in Conjurations
  4305 | D:4      | Reached skill level 6 in Fire Magic
  4305 | D:4      | Reached XP level 7. HP: 28/36 MP: 0/13
  4518 | D:4      | Noticed a two-headed ogre
  4905 | D:4      | Noticed Eustachio
  4917 | D:4      | Killed Eustachio
  4917 | D:4      | Reached skill level 7 in Conjurations
  5254 | D:4      | Learned a level 5 spell: Fireball
  5355 | D:5      | Entered Level 5 of the Dungeon
  5372 | D:5      | Reached skill level 4 in Spellcasting
  5372 | D:5      | Reached XP level 8. HP: 41/41 MP: 5/15
  5388 | D:5      | Reached skill level 7 in Fire Magic
  5533 | D:5      | Reached * piety under Vehumet
  5533 | D:5      | Offered knowledge of Sandblast by Vehumet.
  5536 | D:5      | Found a glowing drain.
  5561 | Sewer    | Entered a sewer
  5740 | Sewer    | Reached skill level 8 in Conjurations
  6169 | Sewer    | Offered knowledge of Searing Ray by Vehumet.
  6169 | Sewer    | Reached skill level 8 in Fire Magic
  6235 | D:5      | Reached ** piety under Vehumet
  6235 | D:5      | Reached skill level 9 in Conjurations
  6519 | D:5      | Reached XP level 9. HP: 38/45 MP: 17/17
  6597 | D:5      | Offered knowledge of Stone Arrow by Vehumet.
  6637 | D:5      | Reached skill level 5 in Spellcasting
  6671 | D:5      | Reached *** piety under Vehumet
  6951 | D:5      | Got a twisted robe
  6962 | D:5      | Identified the +1 robe of Card Tricks {rElec rF+ rC- rCorr} (You found it on level 5 of the Dungeon)
  8102 | D:7      | Reached skill level 10 in Conjurations
  8102 | D:7      | Reached skill level 9 in Fire Magic
  8935 | D:8      | Noticed an efreet
  8936 | D:8      | Shot with an arrow by a centaur

Vault maps used:
D:1:      dpeg_arrival_castle, st_stairs_8
D:2:      chequers_big_river
D:3:      minmay_rat_hole
D:4:      minmay_temple_entry_crystal_x, first_ration, uniq_duvessa,
          uniq_eustachio
D:5:      portal_sewer_entry_a, minmay_ogre_servants
D:8:      minmay_the_grid_triangle_9x9_recursive_2
Temple:   nicolae_temple_the_god_donut
Sewer:    sewer_co_tree

Skill      XL: |  1  2  3  4  5  6  7  8  9 |
---------------+----------------------------+-----
Conjurations   | 2 3 4 6 7 9 10 | 10.2
Fire Magic     | 4 5 6 8 9 |  9.3
Spellcasting   | 3 4 5 |  5.4
Dodging        | |  2.1
Stealth        | |  2.0

Action                   |  1- 3 |  4- 6 |  7- 9 || total
-------------------------+-------+-------+-------++-------
Melee: Unarmed           |    34 |    19 |       ||    53
       Kick              |    10 |    18 |    10 ||    38
       Peck              |     2 |     5 |     5 ||    12
       Dagger            |       |    64 |    53 ||   117
 Cast: Flame Tongue      |    48 |   127 |   141 ||   316
       Sticky Flame      |       |     3 |    22 ||    25
  Use: Scroll            |       |     4 |     9 ||    13
       Potion            |       |     3 |       ||     3
 Stab: Sleeping          |     1 |     3 |     2 ||     6
  Eat: Chunk             |     1 |    11 |    17 ||    29
       Ration            |       |       |     1 ||     1
Armor: Robe              |    13 |    19 |    16 ||    48
       Skin              |       |     9 |       ||     9
Dodge: Dodged            |    36 |    93 |    97 ||   226

Table legend:
 A = Spawn XP
 B = Non-spawn XP
 C = Spawn XP percentage of total XP
 D = Spawn monster count
 E = Non-spawn monster count
 F = Spawn count percentage of total count
 G = Total turns spent on level
                    A         B        C        D         E        F      G
               +---------+---------+-------+---------+---------+-------+---------
         Total |       0 |    3460 |   0.0 |       0 |     223 |   0.0 |  8936
               +---------+---------+-------+---------+---------+-------+---------
           D:1 |       0 |      54 |   0.0 |       0 |      33 |   0.0 |  1121
           D:2 |       0 |     185 |   0.0 |       0 |      37 |   0.0 |  1516
           D:3 |       0 |     171 |   0.0 |       0 |      44 |   0.0 |  1473
           D:4 |       0 |     755 |   0.0 |       0 |      16 |   0.0 |  1403
           D:5 |       0 |     732 |   0.0 |       0 |      48 |   0.0 |   791
           D:6 |       0 |     408 |   0.0 |       0 |      10 |   0.0 |  1032
           D:7 |       0 |     336 |   0.0 |       0 |       5 |   0.0 |   829
           D:8 |       0 |     164 |   0.0 |       0 |       2 |   0.0 |    67
         Sewer |       0 |     655 |   0.0 |       0 |      28 |   0.0 |   635
               +---------+---------+-------+---------+---------+-------+---------
